 Dungeon Crawl Stone Soup version 0.26-a0-490-gf8362a0c98 (webtiles) character file.

Game seed: 14253941834915115358

1925 Gargoyl the Skirmisher (level 9, -8/73 HPs)
             Began as a Gnoll Abyssal Knight on Aug 4, 2020.
             Was a Priest of Lugonu.
             Mangled by an ice beast (10 damage)
             ... on level 6 of the Dungeon.
             The game lasted 00:08:56 (7435 turns).

Gargoyl the Skirmisher (Gnoll Abyssal Knight)       Turns: 7435, Time: 00:08:57

Health: -8/73      AC: 12    Str: 17    XL:     9   Next: 17%
Magic:  14/15      EV:  9    Int: 14    God:    Lugonu [***...]
Gold:   406        SH:  7    Dex: 16    Spells: 16/16 levels left

rFire    + . .     SeeInvis .   a - +1 hand axe
rCold    . . .     Faith    .   n - +2 buckler
rNeg     + . .     Spirit   .   h - +1 chain mail
rPois    .         Reflect  .   (no helmet)
rElec    .         Harm     .   c - scarf {repulsion}
rCorr    .                      (no gloves)
MR       .....                  t - +0 pair of boots
Stlth    ..........             g - amulet of the acrobat
HPRegen  0.22/turn              j - ring of positive energy
MPRegen  0.14/turn              k - ring of protection from fire

@: repel missiles
A: distributed training, fangs 1, strong nose
a: Depart the Abyss, Bend Space, Banish, Renounce Religion


You were on level 6 of the Dungeon.
You worshipped Lugonu.
Lugonu was most pleased with you.
You visited 1 branch of the dungeon, and saw 6 of its levels.
You visited the Abyss 1 time.

You collected 406 gold pieces.

Inventory:

Hand Weapons
 a - a +1 hand axe (weapon)
Missiles
 w - 3 silver boomerangs (quivered)
Armour
 c - a scarf of repulsion (worn)
 h - a +1 chain mail (worn)
 n - a +2 buckler (worn)
 t - a +0 pair of boots (worn)
Jewellery
 g - an amulet of the acrobat (around neck)
 j - a ring of positive energy (left hand)
 k - a ring of protection from fire (right hand)
 q - a +6 ring of intelligence {unknown}
 s - a +6 ring of intelligence {unknown}
Wands
 b - a wand of digging (6)
Scrolls
 d - 3 scrolls of identify
 e - 3 scrolls of teleportation
 m - 3 scrolls of remove curse
 o - a scroll of enchant armour
 p - 2 scrolls of blinking
Potions
 f - a potion of degeneration
 i - a potion of stabbing
 l - 2 potions of flight
 r - a potion of curing
 u - a potion of mutation {unknown}
 v - a potion of might {unknown}
 x - a potion of resistance {unknown}
 z - a potion of brilliance


   Skills:
 + Level 7.7 Fighting
 + Level 4.0 Short Blades
 + Level 4.0 Long Blades
 + Level 6.1 Axes
 + Level 4.0 Maces & Flails
 + Level 4.0 Polearms
 + Level 4.0 Staves
 + Level 4.0 Slings
 + Level 4.0 Bows
 + Level 4.0 Crossbows
 + Level 4.0 Throwing
 + Level 6.1 Armour
 + Level 4.8 Dodging
 + Level 4.0 Stealth
 + Level 4.0 Shields
 + Level 4.0 Unarmed Combat
 + Level 4.0 Spellcasting
 + Level 3.2 Conjurations
 + Level 3.2 Hexes
 + Level 3.2 Summonings
 + Level 3.2 Necromancy
 + Level 3.2 Translocations
 + Level 3.2 Transmutations
 + Level 3.2 Fire Magic
 + Level 3.2 Ice Magic
 + Level 3.2 Air Magic
 + Level 3.2 Earth Magic
 + Level 3.2 Poison Magic
 + Level 6.4 Invocations
 + Level 4.0 Evocations


You had 16 spell levels left.
You didn't know any spells.
Your spell library was empty.

Dungeon Overview and Level Annotations

Branches:
Dungeon (6/15)             Temple (0/1) D:5

Altars:
Ashenzari
Elyvilon
Fedhas
Hepliaklqana
Kikubaaqudgha
Makhleb
Okawaru
Vehumet
Zin


Innate Abilities, Weirdness & Mutations

Your experience applies equally to all skills.
You have very sharp teeth.
Your uncanny sense of smell can sniff out nearby items.


Message History

You slash the bullfrog skeleton!
The bullfrog skeleton is moderately damaged.
You block the bullfrog skeleton's attack.
You closely miss the ice beast.
The ice beast is heavily wounded.
You hit the ice beast but do no damage.
The ice beast is heavily wounded.
The ice beast hits you.
* * * LOW HITPOINT WARNING * * *
The ice beast freezes you!
* * * LOW HITPOINT WARNING * * *
You hit the ice beast.
The ice beast is severely wounded.
The ice beast hits you but does no damage.
You barely miss the ice beast.
The ice beast is severely wounded.
The ice beast hits you.
* * * LOW HITPOINT WARNING * * *
The ice beast freezes you!
You die...

#.#.....[##'#...#'##...###...#
.#.....###..#...#.)###..##.###
#.#...##.#..#...#..#.##.##.#
.#....'Z$#..#...#..#..'.##)#
#.#...##.#..#...#..#.##.##.#
.#.##..###..#...#.(###..##.#
#.#,##...####...####..)###.#
.#,**##.....##'##........).#
#,*,* #.#.....ZY@...#....###
,*,** #.#......##...#.####
*,*,* #.#[.....##......#
,*,**##.#......##...#..#
*,*,*#........####..#..#
,*,**#........+........#
*,*,*#........####.....#
'*,**#........# #.....##
*,*,*#........# #....>#


You could see an ice beast and a bullfrog skeleton.

Vanquished Creatures
  An orc warrior (D:6)
  A sky beast (D:6)
  An ice beast (D:6)
  A centaur (D:5)
  3 ogres
  Blork the orc (D:5)
  4 bullfrogs
  A scorpion (D:6)
  A jelly (D:5)
  A howler monkey (D:5)
  4 wights (D:4)
  A crimson imp (D:3)
  A hound (D:4)
  An orc priest (D:4)
  Crazy Yiuf (D:2)
  A centaur skeleton (D:5)
  2 orc wizards
  2 iguanas
  5 worker ants
  A killer bee zombie (D:6)
  A hound zombie (D:6)
  2 hound skeletons
  A worker ant zombie (D:6)
  12 adders
  2 gnolls
  A river rat (D:5)
  A white imp (D:6)
  2 ufetubi
  An ooze (D:5)
  4 worms
  2 dart slugs
  4 leopard geckos
  6 orcs
  7 bats
  5 giant cockroaches
  4 goblins
  9 hobgoblins
  2 jackals (D:3)
  2 quokkas (D:2)
  A ball python (D:2)
  3 frilled lizards
  A jackal skeleton (D:6)
  7 kobolds
  12 rats
126 creatures vanquished.

Notes
Turn   | Place    | Note
-------+----------+-------------------------------------------
     0 | Abyss:1  | Gargoyl the Gnoll Abyssal Knight began the quest for the
                  | Orb.
     0 | Abyss:1  | Reached XP level 1. HP: 23/23 MP: 3/3
     3 | Abyss:1  | Found a corrupted altar of Lugonu.
    29 | Abyss:2  | Noticed an iron imp
    31 | Abyss:3  | Found a corrupted altar of Lugonu.
    36 | Abyss:3  | Noticed a thrashing horror
    36 | Abyss:3  | Noticed a thrashing horror
    38 | Abyss:3  | Noticed a thrashing horror
    41 | D:1      | Escaped the Abyss
   131 | D:1      | Reached * piety under Lugonu
   195 | D:1      | Reached XP level 2. HP: 28/29 MP: 5/5
   621 | D:2      | Reached XP level 3. HP: 34/35 MP: 6/6
  1178 | D:2      | Reached skill level 1 in Short Blades
  1178 | D:2      | Reached skill level 1 in Long Blades
  1178 | D:2      | Reached skill level 1 in Maces & Flails
  1178 | D:2      | Reached skill level 1 in Polearms
  1178 | D:2      | Reached skill level 1 in Staves
  1178 | D:2      | Reached skill level 1 in Slings
  1178 | D:2      | Reached skill level 1 in Bows
  1178 | D:2      | Reached skill level 1 in Crossbows
  1178 | D:2      | Reached skill level 1 in Throwing
  1178 | D:2      | Reached skill level 1 in Stealth
  1178 | D:2      | Reached skill level 1 in Shields
  1178 | D:2      | Reached skill level 1 in Unarmed Combat
  1178 | D:2      | Reached skill level 1 in Spellcasting
  1178 | D:2      | Reached skill level 1 in Evocations
  1532 | D:2      | Reached XP level 4. HP: 41/41 MP: 7/7
  1575 | D:2      | Found a runed translucent door.
  1576 | D:2      | Noticed Crazy Yiuf
  1588 | D:2      | Killed Crazy Yiuf
  1588 | D:2      | Reached skill level 1 in Conjurations
  1588 | D:2      | Reached skill level 1 in Hexes
  1588 | D:2      | Reached skill level 1 in Summonings
  1588 | D:2      | Reached skill level 1 in Necromancy
  1588 | D:2      | Reached skill level 1 in Translocations
  1588 | D:2      | Reached skill level 1 in Transmutations
  1588 | D:2      | Reached skill level 1 in Fire Magic
  1588 | D:2      | Reached skill level 1 in Ice Magic
  1588 | D:2      | Reached skill level 1 in Air Magic
  1588 | D:2      | Reached skill level 1 in Earth Magic
  1588 | D:2      | Reached skill level 1 in Poison Magic
  2363 | D:3      | Reached ** piety under Lugonu
  2412 | D:3      | Reached XP level 5. HP: 31/47 MP: 8/8
  2594 | D:3      | Found an ancient bone altar of Kikubaaqudgha.
  3076 | D:3      | Found a faded altar of an unknown god.
  3076 | D:3      | Found a glowing silver altar of Zin.
  3081 | D:3      | Found a hazy altar of Hepliaklqana.
  3083 | D:3      | Found an iron altar of Okawaru.
  3084 | D:3      | Found a shattered altar of Ashenzari.
  3206 | D:3      | Found a radiant altar of Vehumet.
  3207 | D:3      | Found a burning altar of Makhleb.
  3460 | D:4      | Reached skill level 5 in Invocations
  3460 | D:4      | Reached XP level 6. HP: 51/53 MP: 9/9
  3631 | D:4      | Found a white marble altar of Elyvilon.
  3666 | D:4      | Reached skill level 5 in Axes
  3666 | D:4      | Reached skill level 5 in Armour
  3956 | D:4      | Reached XP level 7. HP: 59/59 MP: 10/10
  3976 | D:4      | Reached skill level 7 in Fighting
  4461 | D:4      | Found a blossoming altar of Fedhas.
  4580 | D:5      | Entered Level 5 of the Dungeon
  4756 | D:5      | Found a staircase to the Ecumenical Temple.
  5504 | D:5      | Reached XP level 8. HP: 16/67 MP: 12/12
  5908 | D:5      | Noticed Blork the orc
  5925 | D:5      | Killed Blork the orc
  6579 | D:6      | HP: 3/67 [orc warrior/boomerang (9)]
  6639 | D:6      | Reached *** piety under Lugonu
  7013 | D:6      | Reached XP level 9. HP: 19/72 MP: 14/14
  7435 | D:6      | HP: 2/73 [ice beast (2)]
  7435 | D:6      | Mangled by an ice beast

Illustrated notes

Levels and vault maps discovered:
D:1:      dpeg_arrival_shelter, layout_rooms
D:2:      wad_pebble_path, layout_basic, uniq_crazy_yiuf_cottage
D:3:      layout_loops_ring, grunt_temple_overflow_lords_of_destruction,
          chequers_temple_overflow_minitemple, nicolae_overflow_hidden_temple,
          hex_large
D:4:      layout_rooms, kennysheep_little_box, serial_bayou_ford_a,
          elyvilon_altar_5
D:5:      layout_loops_corners, minmay_temple_entry_trees,
          gup_sewer_entry_spiral, uniq_blork_the_orc
D:6:      layout_basic, minmay_divided_ellipse, uniq_maggie

Skill      XL: |  1  2  3  4  5  6  7  8  9 |
---------------+----------------------------+-----
Short Blades   | 1 2 3 4 |  4.0
Long Blades    | 1 2 3 4 |  4.0
Maces & Flails | 1 2 3 4 |  4.0
Polearms       | 1 2 3 4 |  4.0
Staves         | 1 2 3 4 |  4.0
Slings         | 1 2 3 4 |  4.0
Bows           | 1 2 3 4 |  4.0
Crossbows      | 1 2 3 4 |  4.0
Throwing       | 1 2 3 4 |  4.0
Stealth        | 1 2 3 4 |  4.0
Shields        | 1 2 3 4 |  4.0
Unarmed Combat | 1 2 3 4 |  4.0
Spellcasting   | 1 2 3 4 |  4.0
Evocations     | 1 2 3 4 |  4.0
Conjurations   | 1 2 3 |  3.2
Hexes          | 1 2 3 |  3.2
Summonings     | 1 2 3 |  3.2
Necromancy     | 1 2 3 |  3.2
Translocations | 1 2 3 |  3.2
Transmutations | 1 2 3 |  3.2
Fire Magic     | 1 2 3 |  3.2
Ice Magic      | 1 2 3 |  3.2
Air Magic      | 1 2 3 |  3.2
Earth Magic    | 1 2 3 |  3.2
Poison Magic   | 1 2 3 |  3.2
Dodging        | 3 4 |  4.8
Invocations    | 5 6 |  6.4
Axes           | 5 6 |  6.1
Armour         | 5 6 |  6.1
Fighting       | 7 |  7.7

Action                   |  1- 3 |  4- 6 |  7- 9 || total
-------------------------+-------+-------+-------++-------
Melee: Hand axe          |    86 |   207 |   315 ||   608
       Bite              |     8 |    19 |    46 ||    73
       Punch             |     1 |       |       ||     1
Throw: Boomerang         |       |       |     3 ||     3
Invok: Depart the Abyss  |     1 |       |       ||     1
Evoke: Wand              |       |       |     6 ||     6
  Use: Scroll            |     3 |     6 |     2 ||    11
       Potion            |       |     3 |     6 ||     9
 Stab: Invisible         |       |     1 |       ||     1
Armor: Leather armour    |    15 |     3 |       ||    18
       Chain mail        |       |   111 |   123 ||   234
       Skin              |       |       |     2 ||     2
Dodge: Dodged            |    56 |   100 |   138 ||   294
       Repelled          |       |       |     1 ||     1
Block: Buckler           |       |    15 |   117 ||   132

Table legend: (Time is in decaauts)
 A = Elapsed time spent in this place.
 B = Non-inter-level travel time spent in this place.
 C = Inter-level travel time spent in this place.
 D = Time resting spent in this place.
 E = Time spent auto-exploring this place.
 F = Levels seen in this place.
 G = Mean time per level.
                   A        B        C        D        E       F      G
               +--------+--------+--------+--------+--------+-----+--------+
         Total |   7512 |   7249 |    263 |   2316 |   3460 |   9 |  834.7 |
       Dungeon |   7471 |   7208 |    263 |   2316 |   3450 |   6 | 1245.2 |
         Abyss |     40 |     40 |      0 |      0 |     10 |   3 |   13.3 |
               +--------+--------+--------+--------+--------+-----+--------+

Top non-repeatable levels by time:
     D:2: 1738 daAuts
     D:5: 1582 daAuts
     D:4: 1436 daAuts
     D:6: 1083 daAuts
     D:3: 1057 daAuts
     D:1: 572 daAuts
 Abyss:2: 22 daAuts
 Abyss:3: 9 daAuts
 Abyss:1: 8 daAuts
